MLB
DETROIT TIGERS @ TEXAS RANGERS
08/04/2019
 
TOP OF THE 1ST
Detroit Tigers batting - Pitching for Texas Rangers : RHP Matt Shoemaker
Pitching: RHP Matt Shoemaker
Batting: RHB Jean Segura 0-0: Ground out 6-3 (Groundball, 6, EV 85.6 MPH)
Batting: RHB Starling Marte 0-0: Called Strike
0-1: SINGLE (Line Drive, 89S, EV 110.6 MPH)
Batting: LHB Corey Dickerson 0-0: Ball
1-0: Foul Ball, location: 2F
1-1: Fly out, F8 (Flyball, 78D, EV 85.0 MPH)
Batting: RHB Khris Davis 0-0: Ball
1-0: Ball
2-0: Called Strike
2-1: Foul Ball, location: 2F
2-2: Foul Ball, location: 2F
2-2: Strikes out looking
Top of the 1st over - 0 runs, 1 hit, 0 errors, 1 left on base; Detroit 0 - Texas 0
BOTTOM OF THE 1ST
Texas Rangers batting - Pitching for Detroit Tigers : RHP Mike Clevinger
Pitching: RHP Mike Clevinger
Batting: LHB Ender Inciarte 0-0: Ball
1-0: Ball
2-0: Called Strike
2-1: Swinging Strike
2-2: Ground out 6-3 (Groundball, 6, EV 81.3 MPH)
Batting: SHB Cesar Hernandez 0-0: Ball
1-0: Called Strike
1-1: Ball
2-1: Ball
3-1: Called Strike
3-2: Base on Balls
Batting: LHB Bryce Harper 0-0: Foul Ball, location: 2F
0-1: Fielders Choice at 2nd, 3-6 (Groundball, 3, EV 75.6 MPH)
Batting: LHB Eric Thames 0-0: Ball
1-0: Swinging Strike
1-1: Ball
2-1: Fielders Choice at 2nd, U6 (Groundball, 4, EV 89.4 MPH)
Bottom of the 1st over - 0 runs, 0 hits, 0 errors, 1 left on base; Detroit 0 - Texas 0
TOP OF THE 2ND
Detroit Tigers batting - Pitching for Texas Rangers : RHP Matt Shoemaker
Batting: SHB Kendrys Morales 0-0: Called Strike
0-1: Ball
1-1: Foul Ball, location: 2F
1-2: Ball
2-2: Ball
3-2: Foul Ball, location: 2F
3-2: SOLO HOME RUN (Flyball, 7LD, EV 92.5 MPH), Distance : 347 ft
Batting: RHB George Springer 0-0: Swinging Strike
0-1: Fly out, F8 (Line Drive, 8RM, EV 101.3 MPH)
Batting: LHB Kolten Wong 0-0: Ball
1-0: Swinging Strike
1-1: Ball
2-1: Ball
3-1: Fly out, F9 (Flyball, 89D, EV 100.6 MPH)
Batting: RHB J.D. Davis 0-0: Swinging Strike
0-1: Foul Ball, location: 2F
0-2: Ball
1-2: Strikes out swinging
Top of the 2nd over - 1 run, 1 hit, 0 errors, 0 left on base; Detroit 1 - Texas 0
BOTTOM OF THE 2ND
Texas Rangers batting - Pitching for Detroit Tigers : RHP Mike Clevinger
Batting: LHB Joc Pederson 0-0: Ball
1-0: Ground out 4-3 (Groundball, 4, EV 86.9 MPH)
Batting: RHB Andrelton Simmons 0-0: Ball
1-0: Ball
2-0: Fly out, F7 (Flyball, 7LS, EV 77.5 MPH)
Batting: LHB Max Muncy 0-0: Called Strike
0-1: Called Strike
0-2: Foul Ball, location: 2F
0-2: Ball
1-2: Ball
2-2: Ball
3-2: Ground out 1-3 (Groundball, 34S, EV 83.8 MPH)
Bottom of the 2nd over - 0 runs, 0 hits, 0 errors, 0 left on base; Detroit 1 - Texas 0
TOP OF THE 3RD
Detroit Tigers batting - Pitching for Texas Rangers : RHP Matt Shoemaker
Batting: RHB Elias Diaz 0-0: Called Strike
0-1: Foul Ball, location: 2F
0-2: Foul Ball, location: 2F
0-2: Ball
1-2: Fly out, F8 (Flyball, 8LXD, EV 76.9 MPH)
Batting: RHB Jean Segura 0-0: Foul Ball, location: 2F
0-1: Foul Ball, location: 2F
0-2: Foul Ball, location: 2F
0-2: SINGLE (Line Drive, 9LM, EV 112.5 MPH)
Batting: RHB Starling Marte 0-0: Called Strike
0-1: Ball
1-1: Ball
2-1: Called Strike
2-2: DOUBLE (Line Drive, 89D, EV 104.4 MPH)
Jean Segura to third
Batting: LHB Corey Dickerson 0-0: Called Strike
0-1: Ball
1-1: Foul Ball, location: 2F
1-2: Ball
2-2: Foul Ball, location: 2F
2-2: Fly out, F6 (Popup, 6S, EV 69.4 MPH)
Batting: RHB Khris Davis 0-0: Foul Ball, location: 2F
0-1: Ball
1-1: Called Strike
1-2: Ball
2-2: Ball
3-2: Base on Balls
Batting: SHB Kendrys Morales 0-0: Called Strike
0-1: DOUBLE (Groundball, 3L, EV 108.8 MPH)
Jean Segura scores
Starling Marte scores
Khris Davis to third
Batting: RHB George Springer 0-0: SINGLE (Groundball, 6D, EV 94.4 MPH)
Khris Davis scores
Kendrys Morales to third
Batting: LHB Kolten Wong 0-0: Foul Ball, location: 2F
0-1: Ball
1-1: Ball
2-1: Ball
3-1: Called Strike
3-2: Fly out, F8 (Flyball, 89M, EV 95.0 MPH)
Top of the 3rd over - 3 runs, 4 hits, 0 errors, 2 left on base; Detroit 4 - Texas 0
BOTTOM OF THE 3RD
Texas Rangers batting - Pitching for Detroit Tigers : RHP Mike Clevinger
Batting: SHB Jeimer Candelario 0-0: Called Strike
0-1: Called Strike
0-2: Foul Ball, location: 2F
0-2: Ball
1-2: Strikes out swinging
Batting: RHB Wilson Ramos 0-0: SINGLE (Flyball, 9S, EV 93.8 MPH)
Batting: LHB Ender Inciarte 0-0: Ball
1-0: Swinging Strike
1-1: Ground out 4-3 (Groundball, 4S, EV 65.0 MPH)
Wilson Ramos to second
Batting: SHB Cesar Hernandez 0-0: Called Strike
0-1: Swinging Strike
0-2: Strikes out swinging
Bottom of the 3rd over - 0 runs, 1 hit, 0 errors, 1 left on base; Detroit 4 - Texas 0
TOP OF THE 4TH
Detroit Tigers batting - Pitching for Texas Rangers : RHP Matt Shoemaker
Batting: RHB J.D. Davis 0-0: Called Strike
0-1: SINGLE (Groundball, 56D, EV 94.4 MPH)
Batting: RHB Elias Diaz 0-0: Ball
1-0: Foul Ball, location: 2F
1-1: SINGLE (Line Drive, 3D, EV 105.6 MPH)
J.D. Davis to second
Batting: RHB Jean Segura 0-0: 3-RUN HOME RUN (Flyball, 7D, EV 105.6 MPH), Distance : 363 ft
Pitching: RHP Ryan Burr
Batting: RHB Starling Marte 0-0: Called Strike
0-1: Called Strike
0-2: Strikes out looking
Batting: LHB Corey Dickerson 0-0: Called Strike
0-1: Ball
1-1: Ball
2-1: Ball
3-1: Called Strike
3-2: Ground out 6-3 (Groundball, 6MD, EV 101.3 MPH)
Batting: RHB Khris Davis 0-0: Ball
1-0: Fly out, F9 (Flyball, 89S, EV 86.9 MPH)
Top of the 4th over - 3 runs, 3 hits, 0 errors, 0 left on base; Detroit 7 - Texas 0
BOTTOM OF THE 4TH
Texas Rangers batting - Pitching for Detroit Tigers : RHP Mike Clevinger
Batting: LHB Bryce Harper 0-0: Called Strike
0-1: Ground out 3-1 (Groundball, 34, EV 88.1 MPH)
Batting: LHB Eric Thames 0-0: Called Strike
0-1: Foul Ball, location: 2F
0-2: Ball
1-2: Strikes out swinging
Batting: LHB Joc Pederson 0-0: Foul Ball, location: 2F
0-1: Called Strike
0-2: Ball
1-2: Strikes out swinging
Bottom of the 4th over - 0 runs, 0 hits, 0 errors, 0 left on base; Detroit 7 - Texas 0
TOP OF THE 5TH
Detroit Tigers batting - Pitching for Texas Rangers : RHP Ryan Burr
Batting: SHB Kendrys Morales 0-0: Called Strike
0-1: Foul Ball, location: 2F
0-2: Strikes out swinging
Batting: RHB George Springer 0-0: Ball
1-0: Ball
2-0: Ball
3-0: Base on Balls
Batting: LHB Kolten Wong 0-0: Foul Ball, location: 2F
0-1: Called Strike
0-2: Ball
1-2: Fly out, F5 (Line Drive, 5, EV 73.8 MPH)
Batting: RHB J.D. Davis 0-0: 2-RUN HOME RUN (Flyball, 7LD, EV 113.1 MPH), Distance : 343 ft
Batting: RHB Elias Diaz 0-0: SINGLE (Flyball, 9S, EV 97.5 MPH)
Batting: RHB Jean Segura 0-0: Swinging Strike
0-1: Foul Ball, location: 2F
0-2: Foul Ball, location: 2F
0-2: Ball
1-2: SINGLE (Line Drive, 9S, EV 100.0 MPH)
Elias Diaz to second
Pitching: RHP Reyes Moronta
Batting: RHB Starling Marte 0-0: Ball
1-0: Foul Ball, location: 2F
1-1: Swinging Strike
1-2: Ball
2-2: Ball
Passed Ball!
Elias Diaz to third
Jean Segura to second
3-2: Strikes out swinging
Top of the 5th over - 2 runs, 3 hits, 0 errors, 2 left on base; Detroit 9 - Texas 0
BOTTOM OF THE 5TH
Texas Rangers batting - Pitching for Detroit Tigers : RHP Mike Clevinger
Batting: RHB Andrelton Simmons 0-0: Called Strike
0-1: Swinging Strike
0-2: Ball
1-2: Foul Ball, location: 2F
1-2: Ball
2-2: Ball
3-2: Ground out 6-3 (Groundball, 6, EV 83.8 MPH)
Batting: LHB Max Muncy 0-0: Called Strike
0-1: Swinging Strike
0-2: Strikes out swinging
Batting: SHB Jeimer Candelario 0-0: Called Strike
0-1: Ball
1-1: Foul Ball, location: 2F
1-2: Strikes out looking
Bottom of the 5th over - 0 runs, 0 hits, 0 errors, 0 left on base; Detroit 9 - Texas 0
TOP OF THE 6TH
Detroit Tigers batting - Pitching for Texas Rangers : RHP Reyes Moronta
Batting: LHB Corey Dickerson 0-0: Called Strike
0-1: SINGLE (Groundball, 6MD, EV 104.4 MPH)
Batting: RHB Khris Davis 0-0: Ball
1-0: Ball
2-0: Swinging Strike
2-1: Ball
3-1: Foul Ball, location: 2F
3-2: Strikes out swinging
Corey Dickerson is caught stealing 2nd base 2-4
Batter strikes out.
Batting: SHB Kendrys Morales 0-0: Called Strike
0-1: Swinging Strike
0-2: Strikes out swinging
Top of the 6th over - 0 runs, 1 hit, 0 errors, 0 left on base; Detroit 9 - Texas 0
BOTTOM OF THE 6TH
Texas Rangers batting - Pitching for Detroit Tigers : RHP Mike Clevinger
Batting: RHB Wilson Ramos 0-0: Ball
1-0: Foul Ball, location: 2F
1-1: Fly out, F8 (Flyball, 8LS, EV 86.9 MPH)
Batting: LHB Ender Inciarte 0-0: Swinging Strike
0-1: Ground out 6-3 (Groundball, 6M, EV 76.9 MPH)
Batting: SHB Cesar Hernandez 0-0: Ball
1-0: Foul Ball, location: 2F
1-1: Foul Ball, location: 2F
1-2: Fly out, F6 (Line Drive, 6, EV 75.0 MPH)
Bottom of the 6th over - 0 runs, 0 hits, 0 errors, 0 left on base; Detroit 9 - Texas 0
TOP OF THE 7TH
Detroit Tigers batting - Pitching for Texas Rangers : RHP Reyes Moronta
Batting: RHB George Springer 0-0: Foul Ball, location: 2F
0-1: Swinging Strike
0-2: Foul Ball, location: 2F
0-2: Ball
1-2: Strikes out swinging
Batting: LHB Kolten Wong 0-0: Called Strike
0-1: Ball
1-1: Ball
2-1: Foul Ball, location: 2F
2-2: Foul Ball, location: 2F
2-2: SINGLE (Line Drive, 78S, EV 108.1 MPH)
Pitching: RHP Nick Goody
Batting: RHB J.D. Davis 0-0: Called Strike
0-1: Called Strike
0-2: Strikes out swinging
Batting: RHB Elias Diaz 0-0: Called Strike
0-1: Called Strike
0-2: Foul Ball, location: 2F
0-2: Strikes out swinging
Top of the 7th over - 0 runs, 1 hit, 0 errors, 1 left on base; Detroit 9 - Texas 0
BOTTOM OF THE 7TH
Texas Rangers batting - Pitching for Detroit Tigers : RHP Mike Clevinger
Batting: LHB Bryce Harper 0-0: Called Strike
0-1: Called Strike
0-2: Ball
1-2: Fly out, F7 (Flyball, 7D, EV 103.1 MPH)
Batting: LHB Eric Thames 0-0: Fly out, F9 (Flyball, 9, EV 81.3 MPH)
Batting: LHB Joc Pederson 0-0: Swinging Strike
0-1: Ball
1-1: Swinging Strike
1-2: Ball
2-2: Foul Ball, location: 2F
2-2: Strikes out swinging
Bottom of the 7th over - 0 runs, 0 hits, 0 errors, 0 left on base; Detroit 9 - Texas 0
TOP OF THE 8TH
Detroit Tigers batting - Pitching for Texas Rangers : RHP Nick Goody
Batting: RHB Jean Segura 0-0: Called Strike
0-1: Fly out, F8 (Flyball, 8RD, EV 88.1 MPH)
Batting: RHB Starling Marte 0-0: Foul Ball, location: 2F
0-1: Swinging Strike
0-2: Strikes out swinging
Batting: LHB Corey Dickerson 0-0: Ball
1-0: Ball
2-0: Ball
3-0: Called Strike
3-1: DOUBLE (Line Drive, 8LXD, EV 98.8 MPH)
Batting: RHB Khris Davis 0-0: Called Strike
0-1: Swinging Strike
0-2: Strikes out swinging
Top of the 8th over - 0 runs, 1 hit, 0 errors, 1 left on base; Detroit 9 - Texas 0
BOTTOM OF THE 8TH
Texas Rangers batting - Pitching for Detroit Tigers : RHP Mike Clevinger
Batting: RHB Andrelton Simmons 0-0: Ball
1-0: Foul Ball, location: 2F
1-1: Fly out, F2 (Popup, 25F, EV 82.5 MPH)
Batting: LHB Max Muncy 0-0: Ground out 4-3 (Groundball, 4, EV 85.0 MPH)
Batting: SHB Jeimer Candelario 0-0: Ball
1-0: Ball
2-0: Foul Ball, location: 2F
2-1: Foul Ball, location: 2F
2-2: Ground out 4-3 (Groundball, 34, EV 100.6 MPH)
Bottom of the 8th over - 0 runs, 0 hits, 0 errors, 0 left on base; Detroit 9 - Texas 0
TOP OF THE 9TH
Detroit Tigers batting - Pitching for Texas Rangers : RHP Nick Goody
Pitching: RHP Will Harris
Batting: SHB Kendrys Morales 0-0: Ball
1-0: Ball
2-0: Fly out, F8 (Flyball, 8LXD, EV 97.5 MPH)
Batting: RHB George Springer 0-0: SINGLE (Groundball, 56D, EV 94.4 MPH)
Batting: LHB Kolten Wong 0-0: Called Strike
0-1: Ball
1-1: Ground out 5-3 (Groundball, 56S, EV 69.4 MPH)
George Springer to second
Batting: RHB J.D. Davis 0-0: Ball
1-0: Called Strike
1-1: Called Strike
1-2: Ball
2-2: Ball
3-2: Strikes out looking
Top of the 9th over - 0 runs, 1 hit, 0 errors, 1 left on base; Detroit 9 - Texas 0
BOTTOM OF THE 9TH
Texas Rangers batting - Pitching for Detroit Tigers : RHP Mike Clevinger
Batting: RHB Wilson Ramos 0-0: Ball
1-0: Ball
2-0: Called Strike
2-1: Foul Ball, location: 2F
2-2: Foul Ball, location: 2F
2-2: Fly out, F7 (Flyball, 7S, EV 86.9 MPH)
Batting: LHB Ender Inciarte 0-0: SINGLE (Groundball, 6, EV 85.6 MPH) (infield hit)
Batting: SHB Cesar Hernandez 0-0: Foul Ball, location: 2F
0-1: Fly out, F8 (Line Drive, 8LD, EV 97.5 MPH)
Batting: LHB Bryce Harper 0-0: Ball
1-0: Fly out, F8 (Flyball, 8LS, EV 81.9 MPH)
Bottom of the 9th over - 0 runs, 1 hit, 0 errors, 1 left on base; Detroit 9 - Texas 0
Friday, November 8th, 2019 - OOTP Baseball 20.6 Build 55